 Dungeon Crawl Stone Soup version 0.17.2-1-ge4368a0 (webtiles) character file.

35 tidbits the Sneak (level 3, -6/17 HPs)
             Began as a Felid Chaos Knight on Sept 15, 2017.
             Mangled by Rhok's ghost (16 damage)
             ... on level 3 of the Dungeon.
             The game lasted 00:03:48 (533 turns).

tidbits the Sneak (Felid Chaos Knight)               Turns: 533, Time: 00:03:49

Health: -6/17      AC:  1    Str:  8    XL:     3   Next: 16%
Magic:  4/4        EV: 18    Int: 13    God:    Xom [..*...]
Gold:   47         SH:  0    Dex: 16    Spells: 0 memorised, 2 levels left
                                        Lives:  0   Deaths: 0

rFire  . . .     SeeInvis +       - Unarmed
rCold  . . .     Clarity  .     (armour unavailable)
rNeg   . . .     SustAt   .     (shield unavailable)
rPois  .         Gourm    .     (helmet unavailable)
rElec  .         Spirit   .     (cloak unavailable)
rCorr  .         Warding  .     (gloves unavailable)
rMut   .         Stasis   .     (boots unavailable)
MR     .....                    (no amulet)
Stlth  +++.......               (no ring)
                                (no ring)

@: very slightly contaminated, invisible, quick, not resistant to hostile
enchantments, fairly stealthy
A: no armour, no weapons or thrown items, claws 1, fangs 3, horns 1, see
invisible, carnivore 3, speed 1, shaggy fur 1, slow metabolism 1, sharp paws
a: Renounce Religion


You were on level 3 of the Dungeon.
You worshipped Xom.
You were a toy of Xom.
You were not hungry.

You visited 1 branch of the dungeon, and saw 3 of its levels.

You collected 47 gold pieces.

Inventory:

Missiles
 d - 20 arrows
Scrolls
 e - 2 scrolls of blinking {unknown}
 g - a scroll of fog {unknown}
 h - a scroll of enchant armour {unknown}
Potions
 c - a potion of curing
 k - a potion of haste {unknown}
Comestibles
 a - a meat ration


   Skills:
 - Level 3.0 Fighting
 - Level 3.2 Dodging
 - Level 4.2 Stealth
 + Level 3.0 Unarmed Combat


You had 2 spell levels left.
You didn't know any spells.

Dungeon Overview and Level Annotations

Branches:
Dungeon (3/15)

Altars:

Annotations:
D:3 Rhok's ghost, weakling MiFi


Innate Abilities, Weirdness & Mutations

You cannot wear armour.
You are incapable of wielding weapons or throwing items.
You have sharp claws.
You have razor-sharp teeth.
You have supernaturally acute eyesight.
You are carnivorous and can eat meat at any time.
You cover ground quickly.
You are covered in fur (AC +1).
You have a slow metabolism.
Your sharp claws are effective at attacking unaware monsters.
You have a pair of small horns on your head.


Message History

You kill the adder!
Your Stealth skill increases to level 4!
You have reached level 3!
Your experience leads to an increase in your attributes!
Increase (S)trength, (I)ntelligence, or (D)exterity?
You feel agile.
You feel sick.
You feel sick.
You feel sick.
You feel sick.
You are no longer poisoned.
Found a scroll labeled NIEVUY WAGGI.
Found a spear.
Found a stone staircase leading up.
Found a scale mail and a cyan potion.
e - 2 scrolls labeled NIEVUY WAGGI (gained 1)
There is a stone staircase leading up here.
j - a cyan potion
There is a stone staircase leading up here.
You climb upwards.
A kobold comes into view. It is wielding a whip.
The kobold shouts!
Found a sapphire potion.
There is a stone staircase leading down here.
You see here a sapphire potion.
k - a sapphire potion You scratch the kobold.
The kobold is moderately wounded.
The kobold hits you but does no damage.
You scratch the kobold.
You kill the kobold!
There is a stone staircase leading down here.
You climb downwards.
There is a stone staircase leading up here.
Found a stone staircase leading down.
There is a stone staircase leading down here.
You climb downwards.
Rhok's ghost (weakling Minotaur Fighter) comes into view.
There is a stone staircase leading up here.
Drink which item? (? for menu, Esc to quit)
It was a potion of beneficial mutation.
A pair of horns grows on your head!
You feel fantastic!
Drink which item? (? for menu, Esc to quit)
It was a potion of heal wounds.
You feel much better.
Xom thinks this is hilarious!
Drink which item? (? for menu, Esc to quit)
It was a potion of invisibility.
You fade into invisibility!
You are very lightly contaminated with residual magic.
A kobold comes into view.
Rhok's ghost turns its malevolent gaze towards you.
You scratch Rhok's ghost but do no damage.
The kobold shouts!
You hear a shout!
You hear a shout!
Rhok's ghost barely misses you.
Drink which item? (? for menu, Esc to quit)
It was a potion of ambrosia.
You are confused.
You feel invigorated.
Xom roars with laughter!
Rhok's ghost misses you.
An orc comes into view. It is wielding a flail.
The orc shouts!
Rhok's ghost hits you.
A bat comes into view.
The kobold closely misses you.
You bump into the rock wall.
The kobold barely misses you.
You miss the kobold. The kobold misses you.
You're too confused to move!
You feel less invigorated.
You feel less confused. The kobold misses you.
You scratch the kobold.
You kill the kobold!
Rhok's ghost misses you.
You scratch Rhok's ghost but do no damage.
Rhok's ghost misses you.
You scratch Rhok's ghost. You headbutt Rhok's ghost.
Rhok's ghost is lightly damaged.
Rhok's ghost closely misses you.
You scratch Rhok's ghost but do no damage.
Your headbutt misses Rhok's ghost.
Rhok's ghost is lightly damaged.
Rhok's ghost closely misses you.
An orc and an orc wizard come into view.
You barely miss Rhok's ghost.
Rhok's ghost is lightly damaged.
The orc wizard moves out of view.
Rhok's ghost barely misses you.
You scratch Rhok's ghost.
Rhok's ghost is moderately damaged.
The orc completely misses you.
You catch the helpless Rhok's ghost completely off-guard!
You claw Rhok's ghost! Your headbutt misses Rhok's ghost.
Rhok's ghost is almost destroyed.
Rhok's ghost barely misses you. The orc hits you with a flail!
You catch the helpless Rhok's ghost completely off-guard!
You scratch Rhok's ghost. You headbutt Rhok's ghost.
Rhok's ghost is almost destroyed.
The bat misses you. Rhok's ghost hits you!
Ouch! That really hurt!
You die...
Xom giggles madly!

#.. #..######
#.. #.......#
#.. #<.# #..
#..# #.. #..#
#..##..#
.###......####..
........b......#
....o..o@W.....#
#...o#.#######.#
#....#. # #...
#. #.. #o ... ..


You could see an orc wizard (wandering), Rhok's ghost, 2 orcs and a bat.

Vanquished Creatures
  3 adders
  A ball python (D:2)
  A hobgoblin (D:2)
  4 kobolds
  A giant newt (D:2)
  A rat (D:2)
11 creatures vanquished.

Notes
Turn   | Place    | Note
--------------------------------------------------------------
     0 | D:1      | tidbits the Felid Chaos Knight began the quest for the Orb.
     0 | D:1      | Reached XP level 1. HP: 10/10 MP: 2/2
    94 | D:2      | Reached skill level 1 in Stealth
   125 | D:2      | Reached skill level 2 in Stealth
   125 | D:2      | Reached XP level 2. HP: 7/14 MP: 3/3
   134 | D:2      | Reached skill level 3 in Stealth
   184 | D:2      | XOM: harmless Air miscast
   434 | D:2      | Reached skill level 4 in Stealth
   434 | D:2      | Reached XP level 3. HP: 15/17 MP: 4/4
   509 | D:3      | Noticed Rhok's ghost (weakling MiFi)
   510 | D:3      | Gained mutation: You have a pair of small horns on your head. [potion of beneficial mutation]
   533 | D:3      | Mangled by Rhok's ghost

Action                   || total
-------------------------++-------
Melee: Unarmed           ||    38
  Use: Potion            ||     5
 Stab: Sleeping          ||     3
       Invisible         ||     2

Table legend:
 A = Turns spent in this place as a percentage of turns spent in the entire game.
 B = Non-inter-level travel turns spent in this place as a percentage of non-inter-level travel turns spent in the entire game.
 C = Inter-level travel turns spent in this place as a percentage of turns spent in this place.
 D = Turns resting spent in this place as a percentage of non-inter-level travel turns spent in this place.
 E = Turns spent auto-exploring this place as a percentage of non-inter-level travel turns spent in this place.
 F = Non-inter-level travel turns spent in this place divided by the number of levels of this place that you've seen.
                   A       B       C       D       E      F
               +-------+-------+-------+-------+-------+----------------------
         Total | 100.0 | 100.0 |   0.2 |   0.0 |   0.0 | 144.0
       Dungeon | 100.0 | 100.0 |   0.2 |   0.0 |   0.0 | 144.0
               +-------+-------+-------+-------+-------+----------------------

Table legend:
 A = Kills in this place as a percentage of kills in entire the game.
 B = Kills by you in this place as a percentage of kills by you in the entire game.
 C = Kills by friends in this place as a percentage of kills by friends in the entire game.
 D = Other kills in this place as a percentage of other kills in the entire game.
 E = Experience gained in this place as a percentage of experience gained in the entire game.
 F = Experience gained in this place divided by the number of levels of this place that you have seen.
                   A       B       C       D       E      F
               +-------+-------+-------+-------+-------+----------------------
         Total | 100.0 | 100.0 |  -nan |  -nan | 100.0 |  16.7
       Dungeon | 100.0 | 100.0 |  -nan |  -nan | 100.0 |  16.7
               +-------+-------+-------+-------+-------+----------------------

Vault maps used:
D:1:      minmay_arrival_three_doors, tso_altar
D:2:      kennysheep_generic_room_11
D:3:      uniq_jessica
